AoeStats
← Corsican Pirate

Arena

507778739Analyzed
4v4 RM · 14d ago on Sep 19, 2026· 44m 59s· 8 players
Game mode
Random Map
Map size
Large (8 player)
Population
200
Speed
Normal
Resources
Standard
Victory
Conquest
Starting age
Dark Age
Ending age
Imperial Age
RankedLock teamsTeams togetherTeam positionsShared explorationLock speedFull tech treeHidden civsTurbo modeCheats
Victory
Defeat
🇸🇪 Saracens · Sweden
1277
+15
1273
+15
🇰🇿 Romans · Kazakhstan
1194
+18
🇷🇺 Persians · Russia
1088
+22
🇲🇽 Dravidians · Mexico
1271
-19
🇲🇽 Cumans · Mexico
1240
-17
🇪🇸 Inca · Spain
1228
-17
🇺🇸 Romans · United States
1219
-17
Mameluco adbuser
0:48 Loom
11:30 Feudal Age
15:32 Castle Age
13:32 Double-Bit Axe
13:42 Horse Collar
15:47 Forging
15:18 Champi Runner
19:07 Bow Saw
23:27 Fletching
24:33 Squires
28:42 Heavy Plow
30:24 Gold Mining
35:29 Imperial Age
32:45 Town Watch
32:39 Pikeman
33:52 Scale Mail Armor
35:02 Chain Mail Armor
36:03 Iron Casting
39:03 Ballistics
38:24 Treadmill Crane
40:30 Squires
Imperial Skirmisher
8:31 Feudal Age
8:57 Double-Bit Axe
9:26 Horse Collar
12:08 Loom
17:49 Wheelbarrow
22:46 Castle Age
22:14 Scale Barding Armor
23:35 Forging
24:28 Bow Saw
23:57 Capped Ram
25:20 Chain Barding Armor
26:22 Hand Cart
26:22 Bloodlines
26:27 Light Cavalry
27:25 Town Watch
30:12 Iron Casting
31:04 Fletching
31:15 Padded Archer Armor
32:07 Ballistics
32:30 Bodkin Arrow
32:19 Elite Skirmisher
36:02 Imperial Age
34:10 Leather Archer Armor
33:50 Gold Mining
35:06 Thumb Ring
35:47 Steppe Husbandry
37:46 Plate Barding Armor
36:34 Hussar
38:20 Chemistry
37:32 Masonry
38:27 Ring Archer Armor
42:36 Blast Furnace
43:44 Conscription
44:45 Hoardings
Corsican Pirate
11:33 Feudal Age
9:49 Loom
15:40 Castle Age
13:44 Double-Bit Axe
14:43 Man-at-Arms
16:10 Long Swordsman
19:02 Scale Mail Armor
19:53 Long Swordsman
21:24 Squires
21:11 Arson
21:33 Gambesons
23:08 Chain Mail Armor
23:05 Forging
24:54 Wheelbarrow
25:14 Bow Saw
30:00 Iron Casting
31:42 Horse Collar
36:12 Hand Cart
41:24 Imperial Age
38:48 Town Watch
DodgeViper97410
10:17 Feudal Age
11:43 Wheelbarrow
11:00 Double-Bit Axe
14:51 Castle Age
15:37 Horse Collar
18:32 Loom
26:10 Bow Saw
27:33 Hand Cart
30:26 Imperial Age
29:10 Ballistics
29:32 Fletching
30:15 Squires
30:36 Bodkin Arrow
30:31 Heavy Scorpion
31:14 Elite Skirmisher
32:13 Heavy Plow
32:54 Padded Archer Armor
34:43 Pikeman
37:35 Chemistry
37:48 Forging
37:38 Scale Mail Armor
37:33 Halberdier
39:16 Iron Casting
39:44 Leather Archer Armor
40:30 Chain Mail Armor
41:39 Blast Furnace
41:38 Crop Rotation
43:23 Ring Archer Armor
42:22 Capped Ram
777
11:04 Feudal Age
14:41 Castle Age
13:08 Horse Collar
13:15 Double-Bit Axe
14:05 Stone Mining
14:15 Gold Mining
15:43 Heavy Plow
24:46 Wheelbarrow
29:06 Imperial Age
27:35 Scale Barding Armor
27:40 Forging
28:55 Chain Barding Armor
29:15 Husbandry
29:25 Bloodlines
30:03 Iron Casting
29:09 Cavalier
30:34 Savar
33:45 Plate Barding Armor
34:22 Blast Furnace
Ромчик Бумчик
10:31 Feudal Age
11:29 Loom
14:54 Castle Age
14:13 Wheelbarrow
16:43 Double-Bit Axe
16:41 Horse Collar
18:18 Scale Mail Armor
18:28 Forging
23:19 Scale Barding Armor
29:17 Hand Cart
31:08 Stone Mining
31:08 Gold Mining
31:32 Bow Saw
32:25 Chain Mail Armor
33:03 Pikeman
33:44 Squires
33:30 Gambesons
33:31 Arson
34:48 Town Watch
35:44 Gold Shaft Mining
36:36 Iron Casting
40:09 Imperial Age
38:02 Ballistics
41:17 Conscription
43:39 Chemistry
42:15 Halberdier
44:47 Two-Man Saw
45:15 Heavy Plow
The FroZen BlaDe
11:01 Feudal Age
12:40 Double-Bit Axe
14:57 Castle Age
14:44 Loom
18:36 Scale Barding Armor
24:58 Horse Collar
28:07 Wheelbarrow
28:06 Fletching
32:08 Imperial Age
29:43 Gold Mining
30:25 Town Watch
31:41 Husbandry
32:22 Bloodlines
35:43 Chain Barding Armor
35:36 Forging
37:03 Conscription
37:03 Hand Cart
37:30 Stone Mining
38:00 Elite Mameluke
39:36 Gold Shaft Mining
40:03 Plate Barding Armor
41:46 Iron Casting
41:29 Man-at-Arms
41:54 Gambesons
42:10 Squires
41:56 Arson
42:16 Scale Mail Armor
42:28 Long Swordsman
44:34 Blast Furnace
43:50 Chain Mail Armor
43:07 Two-Handed Swordsman
43:46 Champion
Александр
9:30 Feudal Age
11:49 Double-Bit Axe
12:07 Horse Collar
12:26 Loom
15:10 Castle Age
14:09 Loom
15:43 Wheelbarrow
16:15 Bow Saw
16:10 Heavy Plow
23:17 Gold Mining
23:18 Stone Mining
25:10 Man-at-Arms
27:09 Pikeman
27:50 Squires
28:06 Long Swordsman
30:21 Gold Shaft Mining
30:05 Hand Cart
33:30 Imperial Age
31:39 Forging
31:29 Scale Mail Armor
33:47 Iron Casting
33:27 Chain Mail Armor
33:03 Fletching
34:45 Heavy Scorpion
36:26 Chemistry
34:50 Halberdier
36:35 Blast Furnace
36:00 Bodkin Arrow
36:11 Siege Engineers
35:39 Capped Ram
35:44 Legionary
37:08 Coinage
36:49 Guilds
36:54 Ballistas
37:10 Conscription
37:07 Siege Ram
43:49 Banking
43:20 Caravan
45:43 Ballistics
45:34 Masonry
Connection lost

Rejoining the realm…

Still unreachable

The connection could not be restored.

Session expired

The server has moved on; the page needs a fresh start.